 Dungeon Sprint DCSS version 0.23.2-40-g277498a001 (webtiles) character file.

Game seed: 14737597528489788257

9237 Devam the Warrior (level 11, -9/85 HPs)
             Began as a Kobold Berserker on Aug 22, 2019.
             Was a High Priest of Trog.
             Mangled by a stone giant (32 damage)
             ... in the Dungeon (Sprint IX: "|||||||||||||||||||||||||||||").
             The game lasted 00:15:06 (2103 turns).

Devam the Warrior (Kobold Berserker)                Turns: 2103, Time: 00:15:07

Health: -9/85      AC: 12    Str: 17    XL:     11   Next: 70%
Magic:  3/3        EV: 19    Int: 12    God:    Trog [*****.]
Gold:   1250       SH:  0    Dex: 18    Spells: 10/10 levels left

rFire    . . .     SeeInvis .   a - +10 quick blade (antimagic)
rCold    . . .     Gourm    .   (shield restricted)
rNeg     . . .     Faith    .   r - +1 scale mail
rPois    .         Spirit   .   z - +0 hat {MR+}
rElec    .         Reflect  .   u - +0 cloak
rCorr    .         Harm     .   i - +0 pair of gloves
MR       +++..     NoTele   +   (no boots)
Stlth    ++++......             (no amulet)
HPRegen  1.24/turn              p - +3 ring of intelligence
MPRegen  0.08/turn              q - +3 ring of strength

@: berserk cooldown, regenerating, slowed, very slow
A: small, carnivore
a: Berserk, Trog's Hand, Brothers in Arms, Renounce Religion


You were in the Dungeon.
You worshipped Trog.
Trog was extremely pleased with you.
You were full.

You visited 1 branch You collected 1250 gold pieces.

Inventory:

Hand Weapons
 a - a +10 antimagic quick blade (weapon)
 b - a +2 rapier of distortion
 y - a +3 rapier of speed
 B - a +2 dagger of electrocution
Missiles
 j - 5 needles of sleeping
 w - 15 needles of confusion
 A - 8 tomahawks of returning (quivered)
Armour
 i - a +0 pair of gloves (worn)
 o - a +0 helmet
 r - a +1 scale mail (worn)
 u - a +0 cloak (worn)
 z - a +0 hat of magic resistance (worn)
Jewellery
 p - a +3 ring of intelligence (left hand)
 q - a +3 ring of strength (right hand)
Wands
 m - a wand of acid (10)
Scrolls
 l - 7 scrolls of remove curse
 s - 2 scrolls of fog
 t - a scroll of identify
Potions
 d - 5 potions of curing
 e - 3 potions of heal wounds
 f - a potion of haste
 g - 4 potions of magic
 h - a potion of berserk rage
 k - a potion of invisibility
 n - a potion of brilliance
 v - 3 potions of mutation
Comestibles
 c - 11 rations
 x - 34 chunks of flesh


   Skills:
 + Level 17.4 Fighting
 - Level 15.1 Short Blades
 - Level 10.4 Throwing
 - Level 10.0 Armour
 - Level 10.0 Dodging
 - Level 12.0 Stealth


You had 10 spell levels left.
You didn't know any spells.
Your spell library was empty.

Dungeon Overview and Level Annotations

Branches:
Dungeon (1/1)

Altars:
Cheibriados
Dithmenos
Elyvilon
Fedhas
Gozag
Hepliaklqana
Kikubaaqudgha
Makhleb
Nemelex Xobeh
Okawaru
Qazlal
Ru
Sif Muna
Trog
Uskayaw
Vehumet
Wu Jian
Xom
Yredelemnul
Zin
The Shining One
Beogh
Jiyva
Lugonu

Shops:
D (


Innate Abilities, Weirdness & Mutations

You are small and have problems with some larger weapons.
You are carnivorous and can eat meat at any time.


Message History

You feel a strong urge to attack something.
An ogre mage comes into view. It is wielding a +0 whip.
The ogre mage shouts!
You hear a shout!
There is an open door to Orc:2, spattered with blood here.
You hit the stone giant.
The stone giant is lightly wounded.
You hit the stone giant.
The stone giant is lightly wounded.
The stone giant closely misses you.
You hit the stone giant.
The stone giant is lightly wounded.
You are no longer berserk.
You are exhausted.
You feel yourself slow down.
Your iron troll goes berserk!
You feel quite a bit less full. The stone giant hits you!!!
* * * LOW HITPOINT WARNING * * *
Your iron troll rages.
The stone giant hits you!!
You die...

▓)▓.▓'▓.▓_▓
▓)▓.▓÷▓.▓_▓
▓)▓.▓.▓.▓_▓
▓)▓)▓.▓.▓_▓
▓)▓.▓.▓.▓_▓
▓)▓.▓.▓.▓_▓
▓)▓.▓.▓.▓_▓
▓T▓.▓.▓.▓_▓
▓@▓.▓.▓.▓_▓
▓C▓.▓.▓.▓_▓
▓T▓.▓'▓.▓'▓
▓C▓.▓÷▓.▓.▓
▓$▓.▓.▓.▓?▓
▓T▓.▓)▓.▓|▓
▓T▓.▓÷▓.▓)▓
▓O▓.▓÷▓.▓.▓
▓.▓.▓.▓.▓[▓


You could see 2 stone giants, an ogre mage, 3 trolls and a friendly iron troll
(berserk).

Vanquished Creatures
  Gastronok (D)
  Josephine (D)
  2 hydras (D)
  A deep troll (D)
  A black mamba (D)
  2 polar bears (D)
  A hippogriff (D)
  3 wraiths (D)
  2 yaks (D)
  A basilisk (D)
  2 water moccasins (D)
  A porcupine (D)
  6 black bears (D)
  9 orc warriors (D)
  2 crocodiles (D)
  A bullfrog (D)
  A killer bee (D)
  2 hounds (D)
  A quasit (D)
  3 orc priests (D)
  4 orc wizards (D)
  An iguana (D)
  An adder zombie (D)
  2 leopard geckos (D)
  9 orcs (D)
  3 jackals (D)
  A ball python (D)
  2 bats (D)
  A jackal skeleton (D)
  A rat (D)
68 creatures vanquished.

Vanquished Creatures (collateral kills)
  A hydra (D)
  A black mamba (D)
  A water moccasin (D)
  A porcupine (D)
4 creatures vanquished.

Vanquished Creatures (others)
  A kobold demonologist (D)
  A sky beast (D)
2 creatures vanquished.

Grand Total: 74 creatures vanquished

Notes
Turn   | Place    | Note
-------+----------+-------------------------------------------
     0 | D        | Devam the Kobold Berserker began the quest for the Orb.
     0 | D        | Reached XP level 1. HP: 14/14 MP: 1/1
    10 | D        | Reached skill level 1 in Stealth
    15 | D        | Reached ** piety under Trog
    68 | D        | Noticed an iguana
    70 | D        | Reached XP level 2. HP: 20/20 MP: 2/2
    72 | D        | Reached *** piety under Trog
    72 | D        | Reached skill level 4 in Fighting
    74 | D        | Reached skill level 5 in Short Blades
    78 | D        | Reached XP level 3. HP: 20/25 MP: 3/3
    89 | D        | Found a roughly hewn altar of Beogh.
    89 | D        | Found a snail-covered altar of Cheibriados.
    89 | D        | Found a shadowy altar of Dithmenos.
    89 | D        | Found a white marble altar of Elyvilon.
    89 | D        | Found a blossoming altar of Fedhas.
    89 | D        | Found an opulent altar of Gozag.
    90 | D        | Found a hazy altar of Hepliaklqana.
    91 | D        | Found a viscous altar of Jiyva.
    92 | D        | Found an ancient bone altar of Kikubaaqudgha.
    93 | D        | Found a corrupted altar of Lugonu.
    94 | D        | Found a burning altar of Makhleb.
    95 | D        | Found a sparkling altar of Nemelex Xobeh.
    96 | D        | Found an iron altar of Okawaru.
    97 | D        | Found a stormy altar of Qazlal.
    98 | D        | Found a sacrificial altar of Ru.
    99 | D        | Found a deep blue altar of Sif Muna.
   100 | D        | Found a bloodstained altar of Trog.
   101 | D        | Found a hide-covered altar of Uskayaw.
   102 | D        | Found a radiant altar of Vehumet.
   103 | D        | Found an ornate altar of the Wu Jian Council.
   104 | D        | Found a shimmering altar of Xom.
   105 | D        | Found a basalt altar of Yredelemnul.
   106 | D        | Found a glowing silver altar of Zin.
   107 | D        | Found a glowing golden altar of the Shining One.
   226 | D        | Noticed a sky beast
   228 | D        | Banished a sky beast
   228 | D        | Reached skill level 5 in Fighting
   228 | D        | Reached skill level 5 in Dodging
   228 | D        | Reached skill level 5 in Stealth
   228 | D        | Reached XP level 4. HP: 31/31 MP: 4/4
   229 | D        | Reached **** piety under Trog
   229 | D        | Received a gift from Trog
   229 | D        | Reached XP level 5. HP: 36/36 MP: 5/5
   234 | D        | Reached skill level 6 in Fighting
   290 | D        | Noticed a tengu warrior
   290 | D        | Noticed an eye of draining
   290 | D        | Noticed a kobold demonologist
   290 | D        | Noticed a centaur
   295 | D        | Reached XP level 6. HP: 42/42 MP: 6/6
   619 | D        | Identified the ring "Lamaniq" {rPois rC+ Str-3 SInv}
   629 | D        | Banished a kobold demonologist
   629 | D        | Reached skill level 7 in Fighting
   629 | D        | Reached XP level 7. HP: 48/48 MP: 7/7
   643 | D        | Noticed a water moccasin
   643 | D        | Noticed a basilisk
   643 | D        | Noticed a black mamba
   643 | D        | Noticed a basilisk
   644 | D        | Noticed a yak
   649 | D        | Killed a water moccasin
   649 | D        | Reached skill level 8 in Fighting
   649 | D        | Reached skill level 5 in Armour
   653 | D        | Reached ***** piety under Trog
   653 | D        | Received a gift from Trog
   659 | D        | Reached skill level 10 in Short Blades
   659 | D        | Reached skill level 10 in Stealth
   705 | D        | Killed a basilisk
   705 | D        | Reached skill level 9 in Fighting
   705 | D        | Reached XP level 8. HP: 56/56 MP: 8/8
   730 | D        | Killed a yak
   742 | D        | Reached skill level 10 in Dodging
   745 | D        | Received a gift from Trog
   789 | D        | Noticed a seven-headed hydra
   789 | D        | Noticed a yak
   789 | D        | Noticed a hippogriff
   789 | D        | Noticed a five-headed hydra
   789 | D        | Noticed a six-headed hydra
   798 | D        | Killed a seven-headed hydra
   798 | D        | Reached skill level 11 in Fighting
   798 | D        | Reached XP level 9. HP: 64/64 MP: 3/9
   805 | D        | Noticed a black mamba
   808 | D        | Killed a hippogriff
  1075 | D        | Killed a five-headed hydra
  1075 | D        | Reached skill level 15 in Short Blades
  1080 | D        | Reached skill level 10 in Armour
  1080 | D        | Reached XP level 10. HP: 56/69 MP: 3/10
  1086 | D        | Killed a six-headed hydra
  1088 | D        | Killed a black mamba
  1088 | D        | Reached skill level 12 in Fighting
  1374 | D        | Reached skill level 13 in Fighting
  1380 | D        | Received a gift from Trog
  1402 | D        | Reached skill level 14 in Fighting
  1416 | D        | Killed a black mamba
  1714 | D        | Noticed Josephine
  1726 | D        | Reached skill level 1 in Throwing
  1740 | D        | Killed Josephine
  1740 | D        | Received a gift from Trog
  1740 | D        | Reached skill level 15 in Fighting
  1740 | D        | Reached XP level 11. HP: 82/82 MP: 3/11
  1755 | D        | Reached skill level 5 in Throwing
  1791 | D        | Noticed Gastronok
  1815 | D        | Killed Gastronok
  1815 | D        | Reached skill level 16 in Fighting
  1862 | D        | Received a gift from Trog
  1880 | D        | Received a gift from Trog
  1891 | D        | Reached ****** piety under Trog
  1893 | D        | Received a gift from Trog
  1898 | D        | Received a gift from Trog
  1999 | D        | Received a gift from Trog
  2005 | D        | Reached skill level 17 in Fighting
  2086 | D        | Found Maomur's Antique Weapon Emporium.
  2086 | D        | Noticed a deep troll
  2086 | D        | Noticed a stone giant
  2086 | D        | Noticed a stone giant
  2095 | D        | Killed a deep troll
  2095 | D        | Reached skill level 10 in Throwing
  2098 | D        | Noticed an ogre mage
  2103 | D        | Mangled by a stone giant

Skill      XL: |  1  2  3  4  5  6  7  8  9 10 11 |
---------------+----------------------------------+-----
Stealth        | 2 4 5 7 9 10 12 | 12.0
Dodging        | 3 4 5 6 7 9 10 | 10.0
Fighting       | 4 5 6 7 9 11 15 17 | 17.4
Short Blades   | 5 6 8 9 10 12 15 | 15.1
Armour         | 2 3 4 5 7 10 | 10.0
Throwing       | 4 10 | 10.4

Action                   |  1- 3 |  4- 6 |  7- 9 | 10-12 || total
-------------------------+-------+-------+-------+-------++-------
Melee: Short sword       |    24 |       |       |       ||    24
       Rapier            |     1 |    47 |    45 |       ||    93
       Quick blade       |       |       |    35 |   204 ||   239
       Dagger            |       |       |       |     1 ||     1
Invok: Berserk           |     3 |     1 |     4 |     5 ||    13
       Trog's Hand       |       |     1 |     4 |     6 ||    11
       Brothers in Arms  |       |       |       |     2 ||     2
  Use: Scroll            |       |       |     1 |     1 ||     2
  Eat: Chunk             |     5 |     3 |     7 |    10 ||    25
Armor: Animal skin       |     3 |       |       |       ||     3
       Scale mail        |       |     8 |    15 |    20 ||    43
Dodge: Dodged            |    15 |    30 |    42 |    85 ||   172
